[Event "55th Biel Festival ATO 2022"]
[Site "Biel"]
[Date "2022.07.19"]
[Round "6.7"]
[White "Carey, Michael"]
[Black "Manmay Chopra"]
[Result "0-1"]
[ECO "E62"]
[WhiteElo "1816"]
[BlackElo "1934"]
[Annotator "TA"]
[PlyCount "126"]
[EventDate "2022.07.13"]
[EventType "swiss"]
[EventCountry "SUI"]
[SourceTitle "playchess.com"]
[Source "ChessBase"]
[SourceQuality "1"]
[TimeControl "40/5400+30:1800+30"]

1. Nf3 Nf6 2. c4 g6 3. d4 Bg7 4. g3 d6 5. Bg2 O-O 6. O-O Nc6 7. Nc3 e5 8. dxe5 dxe5 9. Bg5 Be6 10. Nd2 h6 11. Bxf6 Qxf6 12. Nd5 (12. Nde4 $14 Qe7 13. Nd5) 12... Qd8 $1 $11 {[%emt 0:00:53] The position is equal.} 13. Ne4 Nd4 14. Nc5 (14. e3 {keeps more tension.} c6 15. exd4 cxd5 16. cxd5 Bxd5 17. dxe5 Bxe5 18. Qxd5 Qxd5 19. Nf6+) 14... Bc8 15. e3 Ne6 16. Nxe6 Bxe6 17. Qe2 c6 18. Nc3 f5 19. Rfd1 Qe7 20. b3 e4 21. Rac1 Rad8 22. Qc2 Be5 23. Ne2 Rxd1+ 24. Rxd1 Rd8 25. Rd2 Rxd2 26. Qxd2 Qd7 27. Qxd7 Bxd7 {[%emt 0:01:36][%mdl 4096] Endgame KBB-KBN} 28. f3 exf3 29. Bxf3 g5 30. Kf2 Kf7 31. Nc1 Ke7 32. Nd3 Bc3 33. h4 g4 34. Bg2 Be8 35. Ke2 Ba5 36. Kf2 Kd6 37. Bh1 Bd8 38. Bg2 Bf6 39. Bh1 a5 40. Bg2 Bg6 41. Nf4 Bh7 42. Bf1 Be5 43. Nd3 Bc3 44. Nf4 Bg8 45. Nd3 b5 46. cxb5 cxb5 47. Nc1 Kc5 {[%emt 0:00:00] Hoping for ...Kb4.} 48. Nd3+ Kb6 {[%emt 0:00:00] Threatens to win with ...a4.} 49. Be2 (49. Nf4 $15) 49... Bd5 $1 $17 50. Bd1 Be4 51. Be2 b4 52. Bf1 a4 {[%emt 0:00:00] Black is more active.} 53. Be2 ({Of course not} 53. bxa4 Ka5 54. Nc5 Bd5 $17) 53... Bd2 54. Nb2 axb3 55. axb3 {[%emt 0:02:17] Nc4+ is the strong threat.} Bc3 {[%emt 0:00:00] A strong pair of Bishops.} 56. Na4+ (56. Nd3 $11) 56... Kc6 57. Bc4 Be5 58. Bf7 $2 {[%emt 0:01:56][%mdl 8192] [#] This costs White the game.} (58. Be2 $17) 58... Bd5 $1 $19 59. Bxd5+ Kxd5 60. Nb6+ Ke4 {[%emt 0:00:15] Strongly threatening ...Kd3.} 61. Nd7 Bd6 {[%emt 0:01:34] And now ...Kd3 would win.} 62. Nf6+ {[%emt 0:01:06] [#]} Kd3 $1 63. Ne8 Be5 {[%emt 0:00:05] Weighted Error Value: White=0.53/Black=0.05 (flawless)} 0-1

[Event "55th Biel Festival ATO 2022"]
[Site "Biel"]
[Date "2022.07.19"]
[Round "6.8"]
[White "Hamad Bader"]
[Black "Abdulrahim, Salem"]
[Result "1-0"]
[ECO "B33"]
[WhiteElo "1918"]
[BlackElo "1662"]
[Annotator "TA"]
[PlyCount "95"]
[EventDate "2022.07.13"]
[EventType "swiss"]
[EventCountry "SUI"]
[SourceTitle "playchess.com"]
[Source "ChessBase"]
[SourceQuality "1"]
[TimeControl "40/5400+30:1800+30"]

1. e4 c5 2. Nf3 e6 3. d4 cxd4 4. Nxd4 Nf6 5. Nc3 Nc6 6. Ndb5 d6 7. Bf4 e5 8. Bg5 a6 9. Na3 b5 10. Nd5 Be7 11. Bxf6 Bxf6 12. c3 O-O 13. Nc2 Bg5 14. h4 Bh6 15. g4 f6 {[%emt 0:01:38] Inhibits g5. B33: Sicilian: Pelikan and Sveshnikov Variations.} 16. Nce3 {[%emt 0:01:08] [#] Pair of Knights!} Rb8 $146 ({Predecessor:} 16... Bxe3 17. Nxe3 Ne7 18. Nf5 Bxf5 19. gxf5 d5 20. Qb3 Kh8 21. O-O-O d4 22. Kb1 Nc6 23. f4 Qd6 {1-0 (44) Tasnia Tarannum,O (1618)-Musfica Zannat,S (1361) Dhaka 2022}) 17. b4 (17. Nf5 $14) 17... Ne7 {[%emt 0:08:19] The position is equal.} 18. Nxe7+ Qxe7 19. Nd5 Qb7 20. Rh3 Be6 21. Rd3 Rbc8 {[%emt 0:02:43] White should prevent ...Bxd5.} 22. Qf3 Bxd5 (22... Kh8 $15) 23. Rxd5 $11 Qc7 24. a4 Qxc3+ 25. Qxc3 Rxc3 26. Rxd6 Rb3 (26... bxa4 $14 27. Bxa6 (27. Rxa6 Rfc8 $11) 27... a3) 27. Rxa6 $16 Rxb4 28. axb5 Rxe4+ 29. Be2 Rb4 {[%emt 0:08:08] [#]} 30. Rc6 $1 Bf4 31. Bc4+ Kh8 32. Kf1 {[%emt 0:05:27] b6 is the strong threat.} e4 {[%emt 0:00:35][%cal Oh7h5] [#]} 33. Re1 $1 e3 34. fxe3 Bg3 35. Rd1 {[%emt 0:00:43] Hoping for b6.} h5 $2 {[%emt 0:02:44] Black cannot hold the game after this.} ({Better is} 35... Rb2 $14) 36. Rd5 $18 ({Don't play} 36. gxh5 Kh7 37. Rd7 Kh6) 36... Be5 37. gxh5 Kh7 38. Kg2 {[%emt 0:00:45] Against Bg3} Kh6 $2 (38... Ra8 39. b6 Rb8) 39. Rxe5 {[%emt 0:06:16] Threatens to win with Re7. White is clearly winning.} Rxc4 40. Rxc4 fxe5 {[%emt 0:00:06][%mdl 4096] Endgame KR-KR} 41. b6 Rb8 42. Rb4 g5 43. hxg6 Kxg6 44. b7 Kf5 45. Kf2 Kg6 46. Kf3 Kf5 47. Rb5 Kg6 48. Ke4 {[%emt 0:00:00] Weighted Error Value: White=0.12 (very precise) /Black=0.29 (precise)} 1-0

[Event "55th Biel Festival ATO 2022"]
[Site "Biel"]
[Date "2022.07.19"]
[Round "6.9"]
[White "Klein Ethan"]
[Black "Kalbermatter, Philipp"]
[Result "1/2-1/2"]
[ECO "D07"]
[WhiteElo "1952"]
[BlackElo "1871"]
[Annotator "TA"]
[PlyCount "69"]
[EventDate "2022.07.13"]
[EventType "swiss"]
[EventCountry "SUI"]
[SourceTitle "playchess.com"]
[Source "ChessBase"]
[SourceQuality "1"]
[TimeControl "40/5400+30:1800+30"]

1. d4 d5 2. c4 Nc6 3. Nc3 Nf6 4. Nf3 dxc4 5. d5 Na5 6. e4 e6 7. Qa4+ c6 8. dxc6 Nxc6 9. Bxc4 Bd7 10. Qd1 Na5 11. Bd3 Bc6 12. O-O Be7 13. Qe2 a6 14. Ne5 (14. Rd1 $16) 14... Qc7 15. f4 Rd8 16. Rb1 {[%emt 0:10:27] b4 is the strong threat.} Bd7 17. Kh1 {[%emt 0:03:38] Active counter play!} (17. Be3 $14 {might be stronger.}) 17... Nc6 $11 18. Nf3 Nb4 19. Bc4 b5 20. Bb3 Bc8 ({Better is} 20... Bc6 $1 $11) 21. a3 ({White must play} 21. Bd2 $1 $14) 21... Nd3 22. e5 Ng4 23. h3 Nh6 (23... h5 $5 ) 24. Bc2 Nf5 {[%emt 0:01:44] aiming for ...Ng3+.} 25. Kh2 $36 {[%emt 0:00:17][%mdl 2048] Inhibits Ng3. White has some pressure.} Nxc1 26. Rbxc1 {[%emt 0:00:15] Strongly threatening Bxf5.} Nd4 ({Black should try} 26... O-O $14) 27. Nxd4 $16 Rxd4 {[%emt 0:00:08] [#]} 28. Be4 (28. Bxh7 $1 $16 {[%cal Oc3b5][%mdl 512] Threatens to win with Nxb5!} Qd7 (28... Qd8 29. Bc2) 29. Be4) 28... Qb8 29. Qe3 (29. Bc6+ $16 Kf8 30. Ne4) 29... Rd8 30. Bc6+ Bd7 31. Ne4 $1 O-O 32. Bxd7 (32. b4 $14) 32... Rxd7 $11 {[%emt 0:00:04] The position is equal.} 33. Rc6 a5 34. Rfc1 a4 35. Qc3 {[%emt 0:01:53] Weighted Error Value: White=0.23 (precise) /Black=0.19 (very precise)} 1/2-1/2

[Event "55th Biel Festival ATO 2022"]
[Site "Biel"]
[Date "2022.07.19"]
[Round "6.10"]
[White "Schneuwly Achim"]
[Black "Titov, Dmitrii"]
[Result "1-0"]
[ECO "D05"]
[WhiteElo "2002"]
[BlackElo "1845"]
[Annotator "TA"]
[PlyCount "81"]
[EventDate "2022.07.13"]
[EventType "swiss"]
[EventCountry "SUI"]
[SourceTitle "playchess.com"]
[Source "ChessBase"]
[SourceQuality "1"]
[TimeControl "40/5400+30:1800+30"]

1. Nf3 Nf6 2. e3 c5 3. d4 e6 4. Bd3 d5 5. c3 c4 6. Bc2 b5 {[%emt 0:02:28] D05: Colle System with ...e6.} 7. Nbd2 Bb7 8. O-O Nbd7 {[%emt 0:03:02] The position is equal.} 9. Ne5 {[%emt 0:00:36] [#]} Nxe5 $146 ({Predecessor:} 9... g6 10. f3 a5 11. Nxd7 Qxd7 12. e4 dxe4 13. fxe4 Bg7 14. Qe1 O-O 15. Nf3 Nh5 {1-0 (48) Keusch,H (1948)-Herrmann,E (1770) Berlin 2009}) 10. dxe5 Nd7 11. f4 $1 Qb6 12. Nf3 Bc5 13. Nd4 Bxd4 (13... a5 $11) 14. exd4 $16 g6 {[%emt 0:01:11] Prevents f5.} 15. Qe2 a5 16. Be3 Ba6 17. Bf2 Qc7 (17... O-O $16) 18. a3 (18. Bh4 $18) 18... Nb6 (18... O-O-O $16) 19. Bh4 $18 {[%emt 0:03:24][%cal Of4f5] [#] Hoping for f5!} Kd7 (19... h5 $142 20. Bf6 Rh7) 20. g4 Kc6 21. f5 gxf5 22. gxf5 Bc8 23. Kh1 Na4 24. Qh5 Nb6 25. Rab1 b4 26. Bf6 (26. cxb4 axb4 27. axb4 h6 $18) 26... Re8 27. fxe6 (27. Qxh7 $6 b3 $16) 27... Bxe6 28. Rg1 (28. cxb4 axb4 29. axb4 Nd7 $16) 28... Rg8 29. Bg7 (29. cxb4 Rxg1+ 30. Rxg1 axb4 $14) 29... bxa3 30. bxa3 Qe7 31. Ra1 {[%emt 0:07:22] White is more active.} ({Don't play} 31. Qxh7 $6 Qxa3 32. Qh4 (32. Rg3 Nd7 $11) 32... a4 $11) 31... Rab8 (31... Nd7 $16 32. Ra2 (32. Bxh7 Rgb8 $16) 32... Kc7) 32. Qxh7 (32. Bxh7 $18 Rgc8 33. Bf6) 32... Kc7 (32... Nd7 $142) 33. Qh6 (33. a4 $142) 33... Qd7 {[%emt 0:00:57] [#]} (33... Nd7 $16) 34. Bh7 (34. a4 $1 $18) 34... Na4 (34... Rgc8 $16 {was worth a try.} 35. Rg3 Na4) 35. Bxg8 Rxg8 36. Qf4 Nxc3 $2 (36... Rb8 37. Rg3 Rb3) 37. Qd2 Bf5 {[%emt 0:02:48] aiming for ...Be4+.} 38. Rg3 $2 ({White must play} 38. h3 $18 Bd3 39. e6 Qxe6 40. Be5+ Kc6 41. Rxg8 Qxh3+ 42. Qh2 Be4+ 43. Kg1 Qe3+ 44. Qf2 Ne2+ 45. Kf1 Qh3+ 46. Kxe2 Qd3+ 47. Ke1 Qc3+ 48. Ke2 Qd3+ 49. Ke1 Qc3+ 50. Qd2 Qxa1+ 51. Kf2) 38... Be4+ $2 (38... Ne4 $11 39. Qxa5+ Kc6 40. Qa6+ Kc7 41. Qa7+ Kc6 42. Qa6+ Kc7) 39. Kg1 {[%emt 0:00:24] White is clearly winning.} Na4 40. e6 c3 41. Qf4+ {[%emt 0:30:28] Weighted Error Value: White=0.39/Black=0.51} 1-0

[Event "55th Biel Festival ATO 2022"]
[Site "Biel"]
[Date "2022.07.20"]
[Round "7.1"]
[White "Sala, Matteo"]
[Black "Harisurya Bharadwaj Gundepudi"]
[Result "0-1"]
[ECO "B11"]
[WhiteElo "1708"]
[BlackElo "1924"]
[Annotator "TA"]
[PlyCount "76"]
[EventDate "2022.07.13"]
[EventType "swiss"]
[EventCountry "SUI"]
[SourceTitle "playchess.com"]
[Source "ChessBase"]
[SourceQuality "1"]
[TimeControl "40/5400+30:1800+30"]

1. e4 c6 2. Nf3 d5 3. Nc3 dxe4 4. Nxe4 Nf6 5. Qe2 Nxe4 6. Qxe4 Qd5 {[%emt 0:00:15] B11: Caro-Kann: Two Knights Variation.} 7. Qxd5 cxd5 8. d4 Nc6 {[%emt 0:00:18] [#] The position is equal.} 9. Bd3 $146 ({Predecessor:} 9. Bb5 e6 10. O-O Bd6 11. c3 f6 12. Re1 Kf7 13. g3 h6 14. a4 Bd7 15. Bd3 {0-1 (61) Tregubov,P (2560)-Tari,A (2634) Chess.com INT 2020}) 9... a6 10. c3 Bg4 11. Bf4 (11. Ne5 $142 Nxe5 12. dxe5) 11... e6 ({Better is} 11... Bxf3 12. gxf3 e6) 12. O-O (12. Ne5 $11 Nxe5 13. Bxe5) 12... Be7 (12... Bxf3 $15 13. gxf3 Kd7) 13. Nd2 O-O 14. a4 Rfe8 15. Rfe1 Bf8 16. b4 Ne7 17. a5 Rec8 18. Rac1 Bf5 19. Bxf5 (19. Be2 $14) 19... Nxf5 $11 20. Nb3 Bd6 21. Be5 Bxe5 22. dxe5 Rc6 23. Nc5 b6 24. axb6 Rxb6 25. g4 Nh4 {[%emt 0:01:35] And now ...Nf3+ would win.} 26. Re2 d4 27. Nd3 ({Of course not} 27. cxd4 Rxb4 28. Rd1 a5 $17) 27... dxc3 {[%emt 0:01:59] Threatens to win with ...Rc8.} 28. Rxc3 h6 29. Ra2 Rd8 {[%emt 0:00:17][%cal Ob6b4] White must now prevent ...Rxb4!} 30. Ra4 (30. h3 $11 {remains equal.}) 30... a5 $1 $17 31. h3 (31. bxa5 $2 Rb1+ 32. Rc1 Rxc1+ 33. Nxc1 Rd1#) 31... axb4 32. Nxb4 {[%emt 0:03:22] [#] This move loses the game for White.} (32. Rxb4 $17 {only move.} Nf3+ 33. Kg2 Rxb4 34. Nxb4 Nxe5 35. Re3) 32... Rd1+ $1 $19 33. Kh2 {[%emt 0:00:04] [#]} g5 $1 34. Rc8+ (34. Rd3 $142 Rf1 35. Rd8+ Kg7 36. Raa8) 34... Kg7 35. Raa8 Nf3+ (35... Rxb4 $2 {is a self mate.} 36. Rg8+ Kh7 37. Rh8+ Kg7 38. Rag8#) 36. Kg2 {[%emt 0:00:23] White wants to mate with Rg8+.} Nxe5 (36... Rxb4 $2 {leads to mate.} 37. Rg8+ Kh7 38. Rh8+ Kg7 39. Rag8#) 37. Nc2 (37. Rg8+ $19 Kf6 38. Rgb8) 37... Rbb1 38. Rg8+ Kf6 {[%emt 0:00:07] Weighted Error Value: White=0.46/Black=0.11 (very precise)} 0-1

[Event "55th Biel Festival ATO 2022"]
[Site "Biel"]
[Date "2022.07.20"]
[Round "7.10"]
[White "Aegerter, Fabrice"]
[Black "Klein Ethan"]
[Result "0-1"]
[ECO "B13"]
[WhiteElo "1797"]
[BlackElo "1952"]
[Annotator "TA"]
[PlyCount "64"]
[EventDate "2022.07.13"]
[EventType "swiss"]
[EventCountry "SUI"]
[SourceTitle "playchess.com"]
[Source "ChessBase"]
[SourceQuality "1"]
[TimeControl "40/5400+30:1800+30"]

1. d4 d5 2. Bf4 c5 3. e3 Nc6 4. c3 Nf6 5. Nd2 cxd4 6. exd4 g6 7. Ngf3 {[%emt 0:03:23] 7.Ngf3 is better than 7.Bd3.} Bg7 8. Bd3 O-O {[%emt 0:00:13] B13: Caro-Kann: Exchange Variation and Panov-Botvinnik Attack.} 9. Qe2 (9. O-O $14) 9... Nh5 $15 10. Bg3 {[%emt 0:12:23] [#]} Bh6 $146 (10... Bg4 $17 {[%cal Oe7e5] Hoping for ...e5!} 11. h3 Nxg3 12. fxg3 Bd7) ({Predecessor:} 10... f6 11. O-O-O Bg4 12. h3 Nxg3 13. fxg3 Bd7 14. Nb3 Rc8 15. Nc5 e5 16. dxe5 fxe5 17. Nxd7 Qxd7 {0-1 (56) Haase,S (1731)-Boecking,U (1738) Mecklenburg VP 2016}) 11. Ne5 Nf4 12. Bxf4 Bxf4 13. g3 (13. Nxc6 $11 {keeps the balance.} bxc6 14. g3) 13... Bh6 ({Black should try} 13... Bxe5 $17 14. dxe5 d4) 14. h4 Nxe5 15. dxe5 d4 16. c4 Qa5 17. f4 f6 18. e6 f5 $36 {[%emt 0:03:08][%mdl 2048] Black has some pressure.} 19. h5 {[%emt 0:12:31] [#] Strongly threatening hxg6.} Rf6 20. hxg6 Rxe6 21. Rxh6 Rxe2+ 22. Kxe2 hxg6 23. Rxg6+ (23. Rah1 $5 Qxa2 24. Rxg6+ Kf7 25. Rg5 $11) 23... Kf7 24. Rg5 {[%emt 0:00:14] [#]} (24. Rh6 $11) 24... Be6 $1 $17 25. Rh1 {[%emt 0:02:24] Inhibits Rh8. Loses the game.} (25. Nf3 $17 {might work better.} Rh8 26. a3) 25... Rg8 $19 {[%emt 0:00:37] The board is on fire.} ({But not} 25... Qxa2 26. Rh7+ Kf6 27. g4 $18) 26. Rh7+ Kf8 {[%emt 0:01:46] ...Rxg5 is the strong threat.} 27. Nf3 (27. Rxg8+ Bxg8 28. Rh5) 27... Qxa2 28. Nxd4 Bxc4 29. Rxf5+ Ke8 30. Re5 Bxd3+ 31. Kxd3 Rxg3+ 32. Kc2 Qc4+ {[%emt 0:00:36] Weighted Error Value: White=1.22/Black=0.19 (very precise)} 0-1

[Event "55th Biel Festival ATO 2022"]
[Site "Biel"]
[Date "2022.07.21"]
[Round "8.1"]
[White "Hari Charan Sai Kalluri"]
[Black "Harisurya Bharadwaj Gundepudi"]
[Result "1/2-1/2"]
[ECO "C54"]
[WhiteElo "2041"]
[BlackElo "1924"]
[Annotator "TA"]
[PlyCount "48"]
[EventDate "2022.07.13"]
[EventType "swiss"]
[EventCountry "SUI"]
[SourceTitle "playchess.com"]
[Source "ChessBase"]
[SourceQuality "1"]
[TimeControl "40/5400+30:1800+30"]

1. e4 e5 2. Nf3 Nc6 3. Bc4 Bc5 4. c3 Nf6 5. d4 exd4 6. cxd4 Bb4+ 7. Nbd2 {[%emt 0:01:33] C54: Giuoco Piano: 4 c3 Nf6, main lines with 5 d4 and 5 d3.} Nxe4 8. d5 {[%emt 0:02:02] [#] Strongly threatening 0-0.} Nxd2 9. Bxd2 Bxd2+ 10. Qxd2 ({Of course not} 10. Nxd2 Qe7+ 11. Qe2 Qxe2+ 12. Kxe2 Ne5 $15) ({Much weaker is} 10. Kxd2 Ne7 $15) 10... Ne7 11. d6 {[%emt 0:00:06] 11.0-0-0 deserves study.} cxd6 12. O-O d5 13. Bxd5 Nxd5 14. Qxd5 O-O 15. Rad1 d6 16. Qxd6 (16. Rfe1 {with more complications.} Be6 17. Qxb7 Rb8 18. Qxa7 Rxb2 19. a4) 16... Qxd6 17. Rxd6 Be6 18. b3 Rfd8 {[%emt 0:00:31] [#]} 19. Rfd1 $146 ({Predecessor:} 19. Rd4 Rxd4 20. Nxd4 Rd8 21. Nxe6 fxe6 22. Rc1 Rd2 23. Rc8+ Kf7 24. Rc7+ Kf6 25. f3 Rxa2 26. Rxb7 Rb2 27. Rxa7 Rxb3 {½-½ (27) Szustakowski,A (2330)-Chylewski,P (2335) Suwalki 2018}) 19... Rxd6 20. Rxd6 Rc8 {[%emt 0:02:08] ( -> ...Rc1+)} 21. h3 h6 22. Nd4 Re8 (22... Kf8 $11 23. Nxe6+ Ke7) 23. Nxe6 $16 Rxe6 {[%emt 0:00:02] [#]} 24. Rd7 ({White should try} 24. Rd8+ $1 $16 Kh7 25. Rd7) 24... Rb6 {[%emt 0:00:55] Weighted Error Value: White=0.06 (flawless) /Black=0.12 (very precise)} 1/2-1/2

[Event "55th Biel Festival ATO 2022"]
[Site "Biel"]
[Date "2022.07.21"]
[Round "8.2"]
[White "Mirski, Michal"]
[Black "Al Helaoy Majed"]
[Result "0-1"]
[ECO "B15"]
[WhiteElo "1868"]
[BlackElo "2015"]
[Annotator "TA"]
[PlyCount "54"]
[EventDate "2022.07.13"]
[EventType "swiss"]
[EventCountry "SUI"]
[SourceTitle "playchess.com"]
[Source "ChessBase"]
[SourceQuality "1"]
[TimeControl "40/5400+30:1800+30"]

1. e4 g6 2. Nc3 Bg7 3. d4 c6 4. Nf3 d5 5. exd5 cxd5 6. Bb5+ Bd7 7. Bxd7+ Qxd7 8. O-O {[%emt 0:06:23] B15: Caro-Kann: 3 Nc3: 3...g6 and 3...dxe4 4 Nxe4 Nf6 5 Nxf6+ exf6.} Nc6 {[%emt 0:01:55] Inhibits Ne5.} 9. Bf4 Nf6 10. Ne5 {[%emt 0:02:37] [#] The position is equal.} Qd8 $146 ({Predecessor:} 10... Qf5 11. Bg3 O-O 12. Re1 Rfe8 13. Qd2 Rac8 14. Rad1 Ne4 15. Nxe4 dxe4 16. Nxc6 Rxc6 {0-1 (61) Mirski,M (2017)-Markiewicz,J (2170) Warsaw 2019}) 11. Nxc6 bxc6 12. Be5 O-O 13. Re1 Re8 14. Qe2 a5 15. Na4 Ra7 16. Rad1 e6 17. Rd3 Bf8 18. Rh3 Nd7 19. Bf4 Qf6 20. Qd2 e5 21. dxe5 (21. Bxe5 {with more complications.} Nxe5 22. Rxe5 Rxe5 23. dxe5 Qxe5 24. Re3) 21... Nxe5 22. Bxe5 Rxe5 23. Rxe5 Qxe5 24. Qe3 (24. Re3 $5 Qd6 25. b3 $11) 24... Qb8 $40 {[%emt 0:03:18][%mdl 128] Threatens to win with ...Re7. White needs to defend precisely.} 25. Qb3 $2 {[%emt 0:12:16] [#]} (25. Qd4 $15) 25... Rb7 $1 $19 26. Qg3 {[%emt 0:09:35] [#]} (26. Qd3 Qf4 27. b3 Qc1+ 28. Qf1 Qxc2 29. Rc3 Qxa2 30. Qd1) 26... Re7 $1 27. Qc3 {[%emt 0:00:33] Inhibits Re1+.} (27. Kf1 Qb5+) 27... Qf4 {[%emt 0:00:31] Weighted Error Value: White=0.52/Black=0.02 (flawless)} 0-1

[Event "55th Biel Festival ATO 2022"]
[Site "Biel"]
[Date "2022.07.21"]
[Round "8.3"]
[White "Sala, Matteo"]
[Black "Manmay Chopra"]
[Result "0-1"]
[ECO "C10"]
[WhiteElo "1708"]
[BlackElo "1934"]
[Annotator "TA"]
[PlyCount "68"]
[EventDate "2022.07.13"]
[EventType "swiss"]
[EventCountry "SUI"]
[SourceTitle "playchess.com"]
[Source "ChessBase"]
[SourceQuality "1"]
[TimeControl "40/5400+30:1800+30"]

1. e4 e6 2. d4 d5 3. Nd2 Be7 4. Bd3 dxe4 5. Nxe4 Nd7 6. Nf3 Ngf6 7. Nxf6+ Nxf6 8. Be3 Nd5 {[%emt 0:02:29] C10: French with 3 Nc3: Unusual Black 3rd moves and 3...dxe4.} 9. c3 c5 10. Qc2 {[%emt 0:16:13] [#]} Nxe3 $146 {[%emt 0:05:08] The position is equal.} ({Predecessor:} 10... h6 11. Qd2 Qc7 12. Bb5+ Bd7 13. Bxd7+ Qxd7 14. dxc5 Nxe3 15. Qxe3 Qb5 16. b4 Bf6 {½-½ (32) Brenjo,S (2481)-Ristic,N (2301) Belgrade 2007}) 11. fxe3 cxd4 12. exd4 h6 13. O-O-O Bf6 14. g4 Qc7 15. Kb1 Bd7 16. h4 Bc6 {[%emt 0:20:58] [#]} (16... O-O-O $14) 17. Be4 $1 $16 O-O-O 18. g5 hxg5 19. hxg5 Rxh1 20. Rxh1 Be7 21. Rh7 Qf4 22. Rh4 $36 {[%emt 0:14:23][%mdl 2048] White is pushing.} Qd6 (22... Bxe4 $11 {keeps the balance.} 23. Qxe4 Qxe4+ 24. Rxe4 Rh8) 23. Bxc6 (23. Ne5 $16) 23... Qxc6 $14 24. Ne5 Qb5 {[%emt 0:03:04] [#] Hoping for ...Qf1+.} (24... Qd5 $5 ) 25. c4 (25. Rh1 $5 ) 25... Qa5 26. Qc3 {[%emt 0:02:50] Against Qe1+} Bb4 27. Qf3 Be1 $2 (27... Bd6 $11 28. Qe3 Bxe5 29. Qxe5 Qd2) 28. Re4 Qd2 29. Nd3 {[%emt 0:00:40] Prevents Bf2.} ({Less strong is} 29. Nxf7 Rxd4 30. Rxe6 Bg3 $16) 29... Qxg5 30. Nxe1 ({Much less strong is} 30. Rxe1 $6 Rxd4 31. Re4 (31. Qxf7 Rxd3 32. Qxe6+ Kc7 $11) 31... Rd7 $18) 30... Qg6 31. Qg4 Qh7 {[%emt 0:00:57] And now ...Rxd4 would win.} 32. Qh4 Qg6 {[%emt 0:00:15] Threatens to win with ...Rxd4.} 33. Qf4 $4 (33. Nc2 $18) 33... Rxd4 $1 $19 34. Ka1 Rd1+ {[%emt 0:00:00] Black used his chance.  Weighted Error Value: White=0.76/Black=0.45} 0-1

[Event "55th Biel Festival ATO 2022"]
[Site "Biel"]
[Date "2022.07.21"]
[Round "8.4"]
[White "Dhruv Rattan"]
[Black "Stijve Niels"]
[Result "0-1"]
[ECO "B42"]
[WhiteElo "1316"]
[BlackElo "1958"]
[Annotator "TA"]
[PlyCount "46"]
[EventDate "2022.07.13"]
[EventType "swiss"]
[EventCountry "SUI"]
[SourceTitle "playchess.com"]
[Source "ChessBase"]
[SourceQuality "1"]
[TimeControl "40/5400+30:1800+30"]

1. e4 c5 2. Nf3 e6 3. d4 cxd4 4. Nxd4 a6 5. Bd3 Nf6 6. O-O Qc7 7. c4 Nc6 $1 {[%emt 0:14:29] 7...Nc6 scores better than 7...d6.} 8. Nxc6 bxc6 9. Nc3 Bc5 {[%emt 0:06:38] B42: Sicilian: Kan Variation: 5 Bd3.} 10. Qe2 (10. Na4 $5 Bd4 11. Re1 $11) 10... e5 11. Bg5 d6 {[%emt 0:03:09] [#] White is slightly better.} 12. Bxf6 $146 ({Predecessor:} 12. h3 Be6 13. Rac1 h6 14. Be3 g5 15. Na4 Qe7 16. Bxc5 dxc5 17. Qe3 Nd7 18. Be2 {0-1 (32) Lim,B (1898)-Meng,R (1826) Auckland 2020}) 12... gxf6 13. Qf3 Ke7 14. Na4 Bd4 15. c5 dxc5 16. Rab1 (16. Bc4 $11) 16... Rg8 {[%emt 0:06:39][%cal Bh8g8,Bg8g5,Bg5h5][%mdl 32] [#] aiming for ...Bg4.} 17. b3 $2 ({Better is} 17. Bc4 $15) 17... Bg4 $19 18. Qg3 Bh5 {[%emt 0:01:28] A strong pair of Bishops.} ({Inferior is} 18... Be2 19. Qh3 Bxf1 20. Bxf1) 19. Qh4 (19. Qh3 $17 Bg4 20. Qg3) 19... Bf3 20. g3 Rg5 21. Qxh7 Rh5 22. Qg7 Rah8 (22... Qd7 $142 23. Bc4 Rf8 24. Nb6 Qh3 25. Nc8+ Kd7 26. Nb6+ Kc7 27. Na8+ Kb7 28. Qxf7+ Rxf7 29. Bxa6+ Kb8 30. Rfe1 Qg2#) 23. Bc4 R8h7 {[%emt 0:03:18] White did not feel at home in the position after the opening.  Weighted Error Value: White=1.37/Black=0.52} 0-1